 Dungeon Crawl Stone Soup version 0.23-a0-650-ga4d50d4 (webtiles) character file.

39 Firecrotchwizard the Grave Robber (level 3, 26/26 HPs)
             Began as a Ghoul Necromancer on Jan 2, 2019.
             Quit the game on level 1 of the Dungeon on Jan 3, 2019.
             The game lasted 00:04:53 (1452 turns).

Firecrotchwizard the Grave Robber (GhNe)            Turns: 1452, Time: 00:04:55

Health: 26/26      AC:  3    Str: 11    XL:     3   Next: 45%
Magic:  5/5        EV: 12    Int: 11    God:
Gold:   22         SH:  0    Dex:  9    Spells: 4/6 levels left

rFire    . . .     SeeInvis .   (no weapon)
rCold    + . .     Gourm    .   (no shield)
rNeg     + + +     Faith    .   a - +0 robe
rPois    ∞         Spirit   .   (no helmet)
rElec    .         Reflect  .   (no cloak)
rCorr    .         Harm     .   (no gloves)
MR       .....                  e - +0 pair of boots
Stlth    ++........             (no amulet)
HPRegen  0.08/turn              (no ring)
MPRegen  0.09/turn              (no ring)

@: rotting
A: rotting body, claws 1, carnivore, cold resistance 1, negative energy
resistance 3, inhibited regeneration, torment resistance, unbreathing
a: no special abilities


You were on level 1 of the Dungeon.
You were not hungry.

You visited 1 branch of the dungeon, and saw 1 of its levels.

You collected 22 gold pieces.

Inventory:

Hand Weapons
 b - a +0 club
   (You took it off a hobgoblin on level 1 of the Dungeon)
 d - a +0 dagger
   (You took it off a goblin on level 1 of the Dungeon)
 g - a +0 short sword
   (You took it off a kobold on level 1 of the Dungeon)
 j - a +0 club
   (You took it off a hobgoblin on level 1 of the Dungeon)
 l - a +0 club
   (You took it off a kobold on level 1 of the Dungeon)
 m - a +0 dagger
   (You found it on level 1 of the Dungeon)
 o - a +0 dagger
   (You took it off a goblin on level 1 of the Dungeon)
Armour
 a - a +0 robe (worn)
 e - a +0 pair of boots (worn)
   (You found it on level 1 of the Dungeon)
Scrolls
 h - a scroll of fog {unknown}
 i - 2 scrolls of identify {unknown}
Potions
 f - a potion of curing {unknown}
 k - a potion of haste {unknown}
Comestibles
 c - 3 rations
 n - 3 chunks of flesh {@w0}


   Skills:
 - Level 1.7 Dodging
 + Level 2.9 Stealth
 + Level 2.2 Spellcasting
 * Level 4.6 Necromancy


You had 4 spell levels left.
You knew the following spells:

 Your Spells              Type           Power        Failure   Level  Hunger
a - Pain                  Necr           ##..         4%          1    ##.....
A - Animate Skeleton      Necr           N/A          4%          1    ##.....

Your spell library contained the following spells:

 Spells                   Type           Power        Failure   Level  Hunger
 Vampiric Draining        Necr           ##........   13%         3    ####...
 Regeneration             Chrm/Necr      #.........   32%         3    ####...
 Animate Dead             Necr           N/A          41%         4    #####..


Dungeon Overview and Level Annotations

Branches:
Dungeon (1/15)

Altars:


Innate Abilities, Weirdness & Mutations

Your body is rotting away.
You thrive on raw meat.
You are immune to poison.
You have sharp fingernails.
You are carnivorous and can eat meat at any time.
Your flesh is cold resistant. (rC+)
You are immune to negative energy. (rN+++)
You do not regenerate when monsters are visible.
You are immune to unholy pain and torment.
You can survive without breathing.


Message History

The bat hits you.
You take 1 damage, and have 22/26 hp.
The bat hits you but does no damage. The bat closely misses you.
The bat hits you but does no damage. The bat hits you but does no damage.
Welcome back, Firecrotchwizard the Ghoul Necromancer.
Aim: a bat (chance to defeat MR: 80%)
The bat writhes in agony!
The bat hits you but does no damage.
You now have 4/5 mp.
Aim: a bat (moderately wounded, chance to defeat MR: 80%)
The bat writhes in agony!
You kill the bat!
You now have 3/5 mp.
Okay, then.
i - 2 scrolls labeled QUWAST VOGUNG (gained 1)
Found a stone staircase leading down.
Health restored: 26; MP restored: 5 All of the chunks of flesh in your inventory have rotted away.
A hobgoblin comes into view. It is wielding a +0 club.
You start putting on your armour.
You continue putting on your pair of boots. x4
You finish putting on your +0 pair of boots.
You may need something to eat soon, looking for food.
Can't find anything matching that.
Sorry, you're not good enough to have a special ability.
A goblin comes into view. It is wielding a +0 dagger.
The hobgoblin shouts!
The hobgoblin hits you with a +0 club.
There is a stone staircase leading down here.
You take 2 damage, and have 24/26 hp.
Really attack barehanded? [Y]es or [N]o only, please.
Really attack barehanded? [Y]es or [N]o only, please.
Really attack barehanded? [Y]es or [N]o only, please.
Really attack barehanded? [Y]es or [N]o only, please.
Really attack barehanded?
Okay, then.
Aim: a hobgoblin, wielding a +0 club (chance to defeat MR: 80%)
The hobgoblin writhes in agony!
The goblin shouts!
The hobgoblin barely misses you.
You now have 4/5 mp.
Aim: a hobgoblin, wielding a +0 club (heavily wounded, chance to defeat MR: The hobgoblin barely resists.
You now have 3/5 mp.
Aim: a hobgoblin, wielding a +0 club (heavily wounded, chance to defeat MR: The hobgoblin writhes in agony!
You kill the hobgoblin!
You now have 2/5 mp.
Aim: a goblin, wielding a +0 dagger (chance to defeat MR: 80%)
The goblin writhes in agony!
You now have 1/5 mp.
Aim: a goblin, wielding a +0 dagger (moderately wounded, chance to defeat MR: The goblin writhes in agony!
You kill the goblin!
You now have 0/5 mp.
j - a +0 club You see here a hobgoblin corpse.
You butcher the hobgoblin corpse.
n - 3 chunks of flesh {@w0} You see here a hobgoblin skeleton.
o - a +0 dagger You see here a goblin corpse.
You feel your flesh rotting away.
You butcher the goblin corpse.
n - 5 chunks of flesh {@w0} (gained 2)
You see here a goblin skeleton.
You start resting.
Eating one of 5 chunks of flesh {@w0}.
You eat one of the 5 chunks of flesh {@w0}.
You feel more resilient.
This raw flesh tastes great!
Health restored: 26; MP restored: 5 A kobold comes into view.
The kobold shouts!
A kobold is nearby!
The kobold closely misses you.
Really attack barehanded? [Y]es or [N]o only, please.
Really attack barehanded?
You closely miss the kobold. The kobold closely misses you.
You scratch the kobold but do no damage.
The kobold barely misses you.
You scratch the kobold. The kobold completely misses you.
You barely miss the kobold. The kobold closely misses you.
You scratch the kobold.
You kill the kobold!
You see here a hobgoblin skeleton.
You see here a goblin skeleton.
You see here 12 arrows.
Done exploring.
Done exploring.
(D) Dungeon
Where to? (? - help)
Okay, then.
Eating one of 4 chunks of flesh {@w0}.
You eat one of the 4 chunks of flesh {@w0}.
This raw flesh tastes great!
Unknown command.

#..≈≈≈≈≈≈≈.### #.# #.##.....#
#..#######...####.# #.##..<..#
##.#.....#......#.# #..#.....#
#.###.###.####.#.# #.##.###.#
#...#.#...# #.#.####.##.#†#.#
###.#.#..## #.........#.###.#
######......# #.#.#.#####.....#
............#####.#.#.....#.....#
.##########.....@.#.#..#..#.....#
.# #######.#.#.....###'### .#
#.#.#.......#.# # .#
#.#.#.......#.# .# #####
#.#.>.........## .#######...#
#.#............## ..(...##.#.#
#.#.............. ##.##.##.#.#
#.#.#.......##### ##.##.##.#.#
#.#.##.....##


There were no monsters in sight!

Vanquished Creatures
  2 dart slugs (D:1)
  A leopard gecko (D:1)
  2 giant cockroaches (D:1)
  6 goblins (D:1)
  3 hobgoblins (D:1)
  4 jackals (D:1)
  3 kobolds (D:1)
  5 bats (D:1)
  2 rats (D:1)
28 creatures vanquished.

Vanquished Creatures (collateral kills)
  A dart slug (D:1)
1 creature vanquished.

Grand Total: 29 creatures vanquished

Notes
Turn   | Place    | Note
-------+----------+-------------------------------------------
     0 | D:1      | Firecrotchwizard the Ghoul Necromancer began the quest for
                  | the Orb.
     0 | D:1      | Reached XP level 1. HP: 14/14 MP: 2/2
     2 | D:1      | Learned a level 1 spell: Animate Skeleton
   234 | D:1      | Reached XP level 2. HP: 18/20 MP: 3/3
   342 | D:1      | HP: 5/20 [goblin (2)]
   343 | D:1      | Reached skill level 2 in Spellcasting
   628 | D:1      | Reached XP level 3. HP: 20/26 MP: 0/5
  1078 | D:1      | Upgraded the game from 0.23-a0-644-gb60d84b to
                  | 0.23-a0-650-ga4d50d4
  1452 | D:1      | Quit the game

Vault maps used:
D:1:      nicolae_arrival_memento_mori, grunt_decor_cap,
          minmay_misc_feat_more_columns

Skill      XL: |  1  2 |
---------------+-------+-----
Spellcasting   | 2 |  2.2
Dodging        | |  1.7
Stealth        | |  2.9
Necromancy     | |  4.6

Action                   || total
-------------------------++-------
Melee: Unarmed           ||   116
 Cast: Animate Skeleton  ||     1
       Pain              ||    22
 Stab: Sleeping          ||     1
  Eat: Chunk             ||    10
Armor: Robe              ||    25
Dodge: Dodged            ||   108

Table legend:
 A = Non-vault XP
 B = Vault XP
 C = Vault XP percentage of total XP
 D = Non-vault monster count
 E = Vault monster count
 F = Vault count percentage of total count
                 A         B        C        D         E       F
            +---------+---------+-------+---------+---------+-------
      Total |      56 |       0 |   0.0 |      29 |       0 |   0.0
            +---------+---------+-------+---------+---------+-------
        D:1 |      56 |       0 |   0.0 |      29 |       0 |   0.0
            +---------+---------+-------+---------+---------+-------

Vault maps used:
D:1:      nicolae_arrival_memento_mori, grunt_decor_cap,
          minmay_misc_feat_more_columns

Table legend:
 A = Turns spent in this place as a percentage of turns spent in the entire game.
 B = Non-inter-level travel turns spent in this place as a percentage of non-inter-level travel turns spent in the entire game.
 C = Inter-level travel turns spent in this place as a percentage of turns spent in this place.
 D = Turns resting spent in this place as a percentage of non-inter-level travel turns spent in this place.
 E = Turns spent auto-exploring this place as a percentage of non-inter-level travel turns spent in this place.
 F = Non-inter-level travel turns spent in this place divided by the number of levels of this place that you've seen.
                   A       B       C       D       E      F
               +-------+-------+-------+-------+-------+----------------------
         Total | 100.0 | 100.0 |   0.0 |  40.7 |  36.7 | 1452.0
       Dungeon | 100.0 | 100.0 |   0.0 |  40.7 |  36.7 | 1452.0
               +-------+-------+-------+-------+-------+----------------------

Table legend:
 A = Kills in this place as a percentage of kills in entire the game.
 B = Kills by you in this place as a percentage of kills by you in the entire game.
 C = Kills by friends in this place as a percentage of kills by friends in the entire game.
 D = Other kills in this place as a percentage of other kills in the entire game.
 E = Experience gained in this place as a percentage of experience gained in the entire game.
 F = Experience gained in this place divided by the number of levels of this place that you have seen.
                   A       B       C       D       E      F
               +-------+-------+-------+-------+-------+----------------------
         Total | 100.0 | 100.0 | 100.0 |   N/A | 100.0 |  56.0
       Dungeon | 100.0 | 100.0 | 100.0 |   N/A | 100.0 |  56.0
               +-------+-------+-------+-------+-------+----------------------
